 Dungeon Crawl Stone Soup version 0.25.1-9-gc5326a611f (webtiles) character file.

Game seed: 17179309027566925715

5889 sqayer666 the Carver (level 10, -10/63 HPs)
             Began as a Merfolk Gladiator on Dec 29, 2020.
             Was a Priest of the Shining One.
             Mangled by a two-headed ogre
             ... wielding a +0 giant spiked club
              (17 damage)
             ... on level 11 of the Dungeon.
             The game lasted 01:08:04 (10342 turns).

sqayer666 the Carver (Merfolk Gladiator)           Turns: 10342, Time: 01:08:04

Health: -10/63     AC: 15    Str: 18    XL:     10   Next: 82%
Magic:  15/15      EV:  5    Int: 10    God:    the Shining One [***...]
Gold:   260        SH:  9    Dex: 15    Spells: 9/9 levels left

rFire    . . .     SeeInvis +   a - +2 flail (vorpal)
rCold    . . .     Gourm    .   e - +0 kite shield
rNeg     + . .     Faith    .   B - +1 plate armour
rPois    .         Spirit   .   E - +1 hat
rElec    .         Reflect  .   (no cloak)
rCorr    .         Harm     .   t - +0 pair of gloves
MR       +....                  (no boots)
Stlth    ..........             G - amulet of magic regeneration
HPRegen  0.20/turn              g - ring of protection from magic
MPRegen  0.39/turn              (no ring)

@: glowing
A: change form in water, swift swim, stealthy swim, see invisible, frail 1,
strong 1
a: Divine Shield, Renounce Religion


You were on level 11 of the Dungeon.
You worshipped the Shining One.
The Shining One was most pleased with you.
You were not hungry.

You visited 1 branch of the dungeon, and saw 11 of its levels.
You also visited: Ossuary.

You collected 560 gold pieces.
You spent 300 gold pieces at shops.

Inventory:

Hand Weapons
 a - a +2 vorpal flail (weapon)
 b - a +3 falchion of freezing
 C - a +2 mace of holy wrath
Missiles
 d - 3 throwing nets
 j - 7 boomerangs
 I - 4 javelins (quivered)
 J - 17 sling bullets
Armour
 e - a +0 kite shield (worn)
 i - a +0 pair of gloves
 t - a +0 pair of gloves (worn)
 B - a +1 plate armour (worn)
 D - a +0 helmet
 E - a +1 hat (worn)
 F - +0 steam dragon scales
Jewellery
 g - a ring of protection from magic (left hand)
 G - an amulet of magic regeneration (around neck)
Wands
 c - a wand of acid (9)
Scrolls
 h - a scroll of teleportation
 k - a scroll of fog {unknown}
 m - 5 scrolls of remove curse {unknown}
 n - a scroll of random uselessness
 r - a scroll of immolation {unknown}
 w - 2 scrolls of enchant armour
 A - 2 scrolls of vulnerability {unknown}
 L - 2 scrolls of magic mapping
Potions
 o - a potion of flight
 p - 2 potions of brilliance
 q - a potion of stabbing
 s - a potion of magic {unknown}
 u - a potion of cancellation {unknown}
 v - 5 potions of might {unknown}
 z - a potion of berserk rage {unknown}
Miscellaneous
 y - a tin of tremorstones (3/3)
Comestibles
 f - 8 rations


   Skills:
 - Level 4.0 Fighting
 + Level 8.5 Long Blades
 - Level 3.4 Maces & Flails
 + Level 8.1 Throwing
 + Level 5.8 Armour
 - Level 4.0 Dodging
 - Level 2.7 Shields
 + Level 6.8 Invocations


You had 9 spell levels left.
You didn't know any spells.
Your spell library contained the following spells:

 Spells                   Type           Power        Failure   Level  Hunger
 Sting                    Tmut/Pois      #...         100%        1    ##.....
 Poisonous Vapours        Pois/Air       #.....       100%        2    ###....
 Ignite Poison            Fire/Tmut/Pois #.......     100%        3    ####...
 Mephitic Cloud           Conj/Pois/Air  #.......     100%        3    ####...
 Olgreb's Toxic Radiance  Pois           #.......     100%        4    #####..


Dungeon Overview and Level Annotations

Branches:
Dungeon (11/15)            Temple (0/1) D:7         Ossuary (visited)
   Lair: D:8-11         Orc: D:9-12

Altars:
Ashenzari
Cheibriados
Elyvilon
Fedhas
Hepliaklqana
Kikubaaqudgha
Okawaru
Ru
Sif Muna
Uskayaw
Wu Jian
Xom
Yredelemnul
The Shining One

Shops:
D:5 (   D:7 :   D:9 %   D:10 (*

Annotations:
D:7 3 runed translucent doors, Subbak's ghost, novice OpMo
D:10 Fannar


Innate Abilities, Weirdness & Mutations

You revert to your normal form in water.
You are very nimble and swift while swimming.
You are very stealthy in the water. (Stealth+)
You have supernaturally acute eyesight. (SInv)
You are frail. (-10% HP)
Your muscles are strong. (Str +2)


Message History

Found a potion of curing.
There is an escape hatch in the floor here.
The two-headed ogre barely misses you. You block the two-headed ogre's attack.
You slide downwards.
The hatch slams shut behind you.
You hear a distant snort.
Hark!
There is a gateway to a gauntlet on this level.
Find the entrance quickly before the gate is sealed!
An orc wizard comes into view. It is wielding a +0 dagger.
The orc wizard shouts!
You hear a shout! x2; You hear an angry hiss.
Okay, then.
You hit the two-headed ogre.
The two-headed ogre is lightly wounded.
The two-headed ogre hits you but does no damage.
The two-headed ogre barely misses you.
The orc wizard gestures at you while chanting.
The puff of flame hits you.
* * * LOW HITPOINT WARNING * * *
You hit the two-headed ogre.
The two-headed ogre is lightly wounded.
The two-headed ogre hits you with a +0 giant spiked club!
You die...

### #
..#o##
.....
###..#.##.
#.@O......
###..#.##.
.....
..#.## ...
# ...#
...# ....


You could see a two-headed ogre and an orc wizard.

Vanquished Creatures
  2 two-headed ogres
  Pikel (D:4)
  A hornet (D:10)
  A hippogriff (D:7)
  A wyvern (D:10)
  A steam dragon (D:9)
  A hungry ghost (D:7)
  A water moccasin (D:8)
  2 orc warriors (D:7)
  A black bear (D:8)
  2 ice beasts
  6 ogres
  4 centaurs
  A crocodile (D:10)
  A big kobold (D:10)
  2 elf zombies (Ossuary)
  3 bullfrogs
  2 scorpions
  6 killer bees
  A crimson imp (D:9)
  A human zombie (Ossuary)
  A centaur zombie (Ossuary)
  5 orc priests
  A bullfrog skeleton (D:7)
  2 centaur skeletons (D:4)
  4 hounds
  9 orc wizards
  An iguana (D:6)
  5 worker ants
  3 big kobold zombies (Ossuary)
  A hound skeleton (D:5)
  2 mummies (Ossuary)
  A howler monkey skeleton (D:7)
  6 adders
  2 shadow imps
  2 adder zombies
  A dart slug (D:1)
  8 leopard geckos
  41 orcs
  6 bats
  4 giant cockroaches
  4 goblins
  6 hobgoblins
  3 jackals (D:6)
  16 kobolds
  4 quokkas
  A ball python (D:2)
  5 frilled lizards
  13 hobgoblin zombies (Ossuary)
  6 kobold zombies (Ossuary)
  8 orc zombies (Ossuary)
  12 rats
  A rat zombie (Ossuary)
225 creatures vanquished.

Notes
Turn   | Place    | Note
-------+----------+-------------------------------------------
     0 | D:1      | sqayer666 the Merfolk Gladiator began the quest for the
                  | Orb.
     0 | D:1      | Reached XP level 1. HP: 16/16 MP: 1/1
   197 | D:1      | Reached XP level 2. HP: 23/23 MP: 2/2
   309 | D:1      | Reached skill level 1 in Shields
   572 | D:2      | Reached XP level 3. HP: 24/28 MP: 3/3
   820 | D:2      | Found a hide-covered altar of Uskayaw.
   821 | D:2      | Noticed a +0 hand axe
   821 | D:2      | Noticed a +0 hand axe
   876 | D:2      | Found a snail-covered altar of Cheibriados.
   912 | D:2      | Reached XP level 4. HP: 21/35 MP: 4/4
  1664 | D:3      | Reached XP level 5. HP: 38/41 MP: 5/5
  1808 | D:3      | Found a shimmering blue altar of Sif Muna.
  2003 | D:4      | Found a white marble altar of Elyvilon.
  2136 | D:4      | Noticed Pikel
  2136 | D:4      | Noticed a slave
  2136 | D:4      | Noticed a slave
  2137 | D:4      | Noticed a slave
  2187 | D:4      | Noticed an ogre
  2206 | D:3      | Killed an ogre
  2206 | D:3      | Reached skill level 1 in Maces & Flails
  2206 | D:3      | Reached skill level 1 in Armour
  2206 | D:3      | Reached XP level 6. HP: 30/48 MP: 6/6
  2525 | D:4      | Reached XP level 7. HP: 54/54 MP: 7/7
  2709 | D:4      | Found an ornate altar of the Wu Jian Council.
  2709 | D:4      | Found a blossoming altar of Fedhas.
  2715 | D:4      | Found a shattered altar of Ashenzari.
  2723 | D:4      | Found a faded altar of an unknown god.
  2724 | D:4      | Found an ancient bone altar of Kikubaaqudgha.
  2824 | D:4      | Killed Pikel
  2824 | D:4      | Reached XP level 8. HP: 52/60 MP: 8/8
  2951 | D:5      | Entered Level 5 of the Dungeon
  3038 | D:5      | Found a basalt altar of Yredelemnul.
  3206 | D:5      | Found a glowing golden altar of the Shining One.
  3209 | D:5      | Became a worshipper of the Shining One
  3348 | D:5      | Reached skill level 5 in Throwing
  3353 | D:5      | Reached skill level 1 in Invocations
  3399 | D:5      | Found a glowing golden altar of the Shining One.
  3462 | D:5      | Reached skill level 5 in Long Blades
  3612 | D:5      | Found Otry's Weapon Shop.
  4041 | D:6      | Found a sacrificial altar of Ru.
  4464 | D:7      | Noticed Subbak's ghost (novice OpMo)
  4476 | D:7      | Reached * piety under the Shining One
  4550 | D:7      | Reached XP level 9. HP: 59/65 MP: 11/11
  4728 | D:7      | Found a blossoming altar of Fedhas.
  5318 | D:7      | Found a staircase to the Ecumenical Temple.
  5331 | D:7      | Found Maveonoa's Book Shop.
  5913 | D:7      | Found a runed translucent gate.
  5913 | D:7      | Found a runed translucent gate.
  5913 | D:7      | Found a runed translucent gate.
  6182 | D:8      | Found a sand-covered staircase.
  6199 | Ossuary  | Entered an ossuary
  6210 | Ossuary  | Reached ** piety under the Shining One
  6298 | Ossuary  | Reached *** piety under the Shining One
  6397 | Ossuary  | Reached **** piety under the Shining One
  6489 | D:8      | Reached skill level 5 in Invocations
  7164 | D:9      | Reached XP level 10. HP: 63/71 MP: 13/13
  7171 | D:9      | Reached skill level 5 in Armour
  7423 | D:9      | Found an iron altar of Okawaru.
  7549 | D:9      | Noticed a two-headed ogre
  7561 | D:9      | Killed a two-headed ogre
  7794 | D:9      | Found a hazy altar of Hepliaklqana.
  7794 | D:9      | Noticed a two-headed ogre
  8109 | D:10     | Entered Level 10 of the Dungeon
  8463 | D:10     | Noticed Fannar
  8476 | D:10     | Found Ihalegeo's General Store.
  8479 | D:10     | Bought a potion of heal wounds for 60 gold pieces
  8479 | D:10     | Bought a potion of mutation for 96 gold pieces
  8479 | D:10     | Bought 2 scrolls of magic mapping for 84 gold pieces
  8479 | D:10     | Bought a potion of heal wounds for 60 gold pieces
  8749 | D:10     | Noticed a two-headed ogre
  8761 | D:10     | Killed a two-headed ogre
  8994 | D:10     | Noticed a two-headed ogre
  8995 | D:10     | Paralysed by a hornet for 1 turns
  9042 | D:10     | Found Comet's Antique Weapon Shoppe.
  9199 | D:9      | Gained mutation: You have supernaturally acute eyesight.
                  | (SInv) [potion of mutation]
  9199 | D:9      | Gained mutation: You are frail. (-10% HP) [potion of
                  | mutation]
  9199 | D:9      | Gained mutation: Your muscles are strong. (Str +2) [potion
                  | of mutation]
  9267 | D:9      | Found Foesubbelyr's Food Emporium.
  9957 | D:9      | Found a shimmering altar of Xom.
  9958 | D:9      | Noticed a spectral ugly thing
 10041 | D:10     | The Shining One protects you from harm!
 10333 | D:10     | HP: 1/63 [two-headed ogre/+0 giant spiked club (19)]
 10342 | D:11     | Mangled by a two-headed ogre

Illustrated notes

Levels and vault maps discovered:
D:1:      minmay_arrival_radiant_lines, layout_basic, minmay_close_crescents
D:2:      layout_loops_ring, dancing_weapons_uskayaw, cheibriados_altar_1
D:3:      layout_rooms, lemuel_coloured_pillars_altar
D:4:      layout_cave_pools, chequers_temple_overflow_minitemple, first_ration,
          elyvilon_altar_5, uniq_pikel
D:5:      layout_basic, kennysheep_mini_moat, tso_oasis_becter, serial_shops,
          shop, nicolae_tso_swordbearing_angel
D:6:      layout_loops_ring, nicolae_ru_path_of_blood
D:7:      layout_cave_pods, minmay_temple_entry_antechambers,
          gammafunk_ghost_icy, serial_shops, shop_coins, fedhas_altar_2
D:8:      layout_basic, nicolae_ossuary_entry_monument
D:9:      layout_loops_ring, regret_index_temple_of_mockery,
          nicolae_overflow_hidden_temple, serial_shops, shop
D:10:     layout_loops_ring, serial_shops, shop, nicolae_shop_waterfront, shop,
          nicolae_shop_crystal, lightli_wizard_tower, uniq_fannar
D:11:     layout_basic, erik_lair_dragon, orc_0_dummy, gauntlet_entry_generic

Skill      XL: |  1  2  3  4  5  6  7  8  9 10 |
---------------+-------------------------------+-----
Shields        | 1 2 |  2.7
Fighting       | 3 4 |  4.0
Long Blades    | 4 5 7 8 |  8.5
Maces & Flails | 1 3 |  3.4
Armour         | 1 3 4 5 |  5.8
Throwing       | 3 4 5 7 8 |  8.1
Invocations    | 2 5 6 |  6.8
Dodging        | |  4.0

Action                   |  1- 3 |  4- 6 |  7- 9 | 10-12 || total
-------------------------+-------+-------+-------+-------++-------
Melee: Long sword        |    96 |     3 |       |       ||    99
       Whip              |       |   156 |    32 |       ||   188
       Falchion          |       |       |   256 |       ||   256
       Mace              |       |       |   107 |       ||   107
       Flail             |       |       |    17 |   159 ||   176
Throw: Boomerang         |    12 |    28 |    51 |     6 ||    97
       Throwing net      |       |       |     4 |       ||     4
       Javelin           |       |       |       |    11 ||    11
Invok: Divine Shield     |       |       |       |     6 ||     6
       Cleansing Flame   |       |       |       |     3 ||     3
  Use: Scroll            |     3 |     2 |    12 |     5 ||    22
       Potion            |     1 |       |       |     9 ||    10
 Stab: Held in net/web   |       |       |     1 |       ||     1
  Eat: Chunk             |       |     6 |     7 |     2 ||    15
       Ration            |       |       |     3 |     2 ||     5
Armor: Ring mail         |    24 |       |       |       ||    24
       Chain mail        |    16 |    75 |    82 |       ||   173
       Plate armour      |       |       |   148 |    86 ||   234
Dodge: Dodged            |    44 |    28 |    55 |    30 ||   157
Block: Kite shield       |    44 |    67 |   147 |   134 ||   392
       Rpst.: Long sword |    12 |       |       |       ||    12
       Falchion          |       |       |    18 |       ||    18
